[Event "Olimpiade 2024 - Donne"]
[Site "Budapest"]
[Date "22.09.2024"]
[Round "11.5"]
[White "Danielian, Elina"]
[Black "Heinemann, Josefine"]
[Result "1-0"]
[WhiteElo "2393"]
[BlackElo "2316"]
[ECO "E20"]
[Opening "Nimzo-Indian"]
[Variation "Kmoch variation"]
[TimeControl "40/5400+30:1800+30"]
[EventDate "2024.09.11"]
[Board "3"]
[WhiteFideId "13300210"]
[BlackFideId "12900460"]
[WhiteTeam "Armenia"]
[BlackTeam "Germany"]

1. d4 Nf6 2. c4 e6 3. Nc3 Bb4 4. f3 c5 5. d5 b5 6. e4 d6 7. Bd2 bxc4 8.
Bxc4 Nbd7 9. dxe6 fxe6 10. Bxe6 Ne5 11. Bxc8 Qxc8 12. Bf4 Bxc3+ 13. bxc3
Qa6 14. Bxe5 dxe5 15. Qe2 Qa3 16. Qb5+ Ke7 17. Qb7+ Nd7 18. Rd1 Rhd8 19.
Ne2 Qxa2 20. Rd2 Qe6 21. O-O Rdb8 22. Qc7 Rc8 23. Qa5 Nf6 24. Rb1 Qc6 25.
Rdb2 Rc7 26. c4 Rd7 27. Nc3 Rc8 28. Nd5+ Nxd5 29. exd5 Qd6 30. Re2 Kf7 31.
Rbe1 Re8 32. h3 Rde7 33. Re4 h6 34. R1e2 Qb6 35. Qa1 Qd6 36. Ra2 Qb8 37.
Ra5 Rb7 38. Kh2 Qc7 39. Ra6 Qb8 40. Qa3 Rc8 41. d6 Rd7 42. Qa1 Rxd6 43.
Rxa7+ Rc7 44. Ra8 Qb7 45. Qxe5 Qxa8 46. Qxd6 Qc8 47. Qd5+ Kg6 48. Re6+ Kh7
49. Qe4+ 1-0

[Event "Olimpiade 2024 - Donne"]
[Site "Budapest"]
[Date "22.09.2024"]
[Round "11.5"]
[White "Schulze, Lara"]
[Black "Sargsyan, Anna M."]
[Result "1/2-1/2"]
[WhiteElo "2283"]
[BlackElo "2364"]
[ECO "B31"]
[Opening "Sicilian"]
[Variation "Nimzovich-Rossolimo attack (with ...g6, without ...d6)"]
[TimeControl "40/5400+30:1800+30"]
[EventDate "2024.09.11"]
[Board "4"]
[WhiteFideId "12956830"]
[BlackFideId "13308130"]
[WhiteTeam "Germany"]
[BlackTeam "Armenia"]

1. e4 c5 2. Nf3 Nc6 3. Bb5 g6 4. O-O Bg7 5. Re1 Nf6 6. Bxc6 bxc6 7. e5 Nd5
8. c4 Nb6 9. d4 cxd4 10. c5 Nd5 11. Qxd4 O-O 12. Nc3 d6 13. cxd6 exd6 14.
Nxd5 dxe5 15. Nxe5 Qxd5 16. Qxd5 cxd5 17. Bf4 Be6 18. Rac1 a5 19. h3 a4 20.
Bd2 Rfc8 21. Nc6 Kh8 22. Bc3 Bxc3 23. Rxc3 a3 24. bxa3 d4 25. Rcc1 d3 26.
Red1 Rxa3 27. Nb4 Rd8 28. Rd2 Kg7 29. Rcd1 Bc4 30. f3 Bb5 31. Kf2 Rd4 32.
Rb1 Ra4 33. a3 Rxa3 34. Na2 Ba4 35. Ke3 Rd6 36. Rb4 f5 37. Rb7+ Kf6 38. Ra7
Re6+ 39. Kf2 Rd6 40. Ke3 g5 41. Nb4 f4+ 42. Kf2 h5 43. Ra5 h4 44. Rxd3
1/2-1/2

[Event "Olimpiade 2024 - Donne"]
[Site "Budapest"]
[Date "22.09.2024"]
[Round "11.6"]
[White "Zhu, Jiner"]
[Black "Pham, Le Thao Nguyen"]
[Result "1-0"]
[WhiteElo "2487"]
[BlackElo "2380"]
[ECO "B12"]
[Opening "Caro-Kann"]
[Variation "advance variation"]
[TimeControl "40/5400+30:1800+30"]
[EventDate "2024.09.11"]
[Board "1"]
[WhiteFideId "8608059"]
[BlackFideId "12401226"]
[WhiteTeam "China"]
[BlackTeam "Vietnam"]

1. e4 c6 2. d4 d5 3. e5 Bf5 4. Nf3 e6 5. Be2 Nd7 6. O-O a5 7. Nc3 Ne7 8.
Nh4 Bg6 9. f4 Ng8 10. g3 Nh6 11. Be3 b5 12. Bf3 Nb6 13. b3 Rc8 14. Nxg6
hxg6 15. Qd3 Qd7 16. g4 Ba3 17. Rad1 Be7 18. Rf2 a4 19. Ne2 Ra8 20. h4 Ng8
21. Rh2 axb3 22. axb3 Qc8 23. h5 gxh5 24. f5 exf5 25. gxf5 h4 26. Nf4 Nh6
27. Nh5 Rg8 28. Rg2 Nxf5 29. Bg4 Nxe3 30. Bxc8 Nxd1 31. Bb7 Ra1 32. Bxc6+
Kd8 33. Kh2 g5 34. Rg1 Rg6 35. Bxb5 g4 36. Rxd1 g3+ 37. Kg2 Rxd1 38. Qxd1
Rg5 39. Nf4 Kc7 40. Qd3 Rg7 41. Qc3+ Kb8 42. Qc6 1-0

[Event "Olimpiade 2024 - Donne"]
[Site "Budapest"]
[Date "22.09.2024"]
[Round "11.6"]
[White "Vo, Thi Kim Phung"]
[Black "Song, Yuxin"]
[Result "1/2-1/2"]
[WhiteElo "2320"]
[BlackElo "2373"]
[ECO "E21"]
[Opening "Nimzo-Indian"]
[Variation "three knights variation"]
[TimeControl "40/5400+30:1800+30"]
[EventDate "2024.09.11"]
[Board "2"]
[WhiteFideId "12401838"]
[BlackFideId "8614300"]
[WhiteTeam "Vietnam"]
[BlackTeam "China"]

1. d4 Nf6 2. c4 e6 3. Nc3 Bb4 4. Nf3 O-O 5. Bg5 h6 6. Bxf6 Qxf6 7. Rc1 b6
8. g3 Bb7 9. Bg2 d6 10. O-O Bxc3 11. Rxc3 Qe7 12. Qc2 Nd7 13. Ng5 Qxg5 14.
Bxb7 Rad8 15. f4 Qf6 16. e3 c5 17. Qd2 Qe7 18. Bg2 Nf6 19. d5 exd5 20. Bxd5
Rfe8 21. Rd1 Ne4 22. Bxe4 Qxe4 23. Qd5 g6 24. Kf2 Kg7 25. Rcd3 f5 26. b3
Qxd5 27. Rxd5 Re6 28. h3 h5 29. a4 a5 30. R1d3 Kf6 31. g4 hxg4 32. hxg4
fxg4 33. Kg3 Ke7 34. Kxg4 Rh8 35. e4 Rh1 36. e5 dxe5 37. fxe5 Rg1+ 38. Kf4
Rf1+ 39. Rf3 Rh1 40. Rfd3 Rh4+ 41. Kg3 Re4 42. Rd7+ Kf8 43. Rb7 Ke8 44. Rd5
g5 45. Kf3 Rf4+ 46. Ke3 Rf5 47. Ke4 Rf4+ 48. Ke3 Rf5 49. Ke4 1/2-1/2

[Event "Olimpiade 2024 - Donne"]
[Site "Budapest"]
[Date "22.09.2024"]
[Round "11.6"]
[White "Guo, Qi"]
[Black "Luong, Phuong Hanh"]
[Result "1-0"]
[WhiteElo "2367"]
[BlackElo "2225"]
[ECO "D30"]
[Opening "Queen's gambit declined"]
[TimeControl "40/5400+30:1800+30"]
[EventDate "2024.09.11"]
[Board "3"]
[WhiteFideId "8604002"]
[BlackFideId "12401013"]
[WhiteTeam "China"]
[BlackTeam "Vietnam"]

1. d4 d5 2. c4 e6 3. Nf3 a6 4. cxd5 exd5 5. Nc3 Nf6 6. Bg5 Be6 7. Bxf6 Qxf6
8. Qb3 Ra7 9. g3 Qd8 10. Qa4+ c6 11. Bg2 Be7 12. h4 h6 13. Qc2 Nd7 14. Rd1
b5 15. O-O O-O 16. e4 b4 17. exd5 cxd5 18. Na4 Qa5 19. Rc1 Bd6 20. b3 Rc7
21. Qd2 Rfc8 22. Rfe1 Nf6 23. Ne5 Ne4 24. Bxe4 dxe4 25. Rxc7 Qxc7 26. d5
Bxd5 27. Qxd5 Bxe5 28. Qxe4 Bd6 29. Kg2 Qc2 30. Qg4 h5 31. Qxh5 Qxa2 32.
Qf5 Rd8 33. Re3 Rf8 34. Qd3 Bb8 35. Qxa6 Qc2 36. Qb6 Qd2 37. Qc5 Bd6 38.
Qc4 Bb8 39. Re4 Ba7 40. Rf4 Be3 41. Rf3 Ba7 42. Nc5 Bxc5 43. Qxc5 Rd8 44.
Qc4 Qd5 45. Qxb4 Rc8 46. Qe1 g6 47. Qe3 Qb7 48. h5 gxh5 49. Qg5+ Kf8 50.
Qxh5 Kg8 51. Qe5 Ra8 52. Qg5+ Kf8 53. g4 Ra6 54. Kg3 Rg6 55. Qxg6 1-0

[Event "Olimpiade 2024 - Donne"]
[Site "Budapest"]
[Date "22.09.2024"]
[Round "11.6"]
[White "Bach, Ngoc Thuy Duong"]
[Black "Lu, Miaoyi"]
[Result "0-1"]
[WhiteElo "2214"]
[BlackElo "2438"]
[ECO "D38"]
[Opening "QGD"]
[Variation "Ragozin variation"]
[TimeControl "40/5400+30:1800+30"]
[EventDate "2024.09.11"]
[Board "4"]
[WhiteFideId "12408956"]
[BlackFideId "8618020"]
[WhiteTeam "Vietnam"]
[BlackTeam "China"]

1. d4 Nf6 2. c4 e6 3. Nc3 Bb4 4. Nf3 d5 5. Bg5 h6 6. Bxf6 Qxf6 7. Qa4+ Nc6
8. e3 O-O 9. Be2 dxc4 10. Bxc4 Qe7 11. O-O Na5 12. Bd3 Bxc3 13. bxc3 b6 14.
Ne5 Bb7 15. Qc2 c5 16. f4 Nc6 17. Be4 Nxe5 18. fxe5 Rac8 19. Rf3 cxd4 20.
Bxb7 d3 21. Qxd3 Qxb7 22. Qd4 Rc5 23. e4 Qc7 24. Rd1 Rxe5 25. Qd7 Rc5 26.
Qd2 Rc4 27. Qd3 Rc8 28. Qd7 Qc5+ 29. Kh1 Rc7 30. Qe8+ Qf8 31. Qb5 Rxc3 32.
Rxc3 Rxc3 33. h3 Qc8 34. Qa4 Qc7 35. Rf1 Kh7 36. Qd1 Qc4 37. e5 Qe4 38. Qh5
Rg3 0-1

[Event "Olimpiade 2024 - Donne"]
[Site "Budapest"]
[Date "22.09.2024"]
[Round "11.7"]
[White "Osmak, Yuliia"]
[Black "Bulmaga, Irina"]
[Result "1-0"]
[WhiteElo "2471"]
[BlackElo "2406"]
[ECO "D35"]
[Opening "QGD"]
[Variation "exchange, positional line, 5...c6"]
[TimeControl "40/5400+30:1800+30"]
[EventDate "2024.09.11"]
[Board "1"]
[WhiteFideId "14101602"]
[BlackFideId "13903063"]
[WhiteTeam "Ukraine"]
[BlackTeam "Romania"]

1. c4 e6 2. Nc3 d5 3. d4 Nf6 4. cxd5 exd5 5. Bg5 c6 6. e3 h6 7. Bh4 Be6 8.
Bd3 Nbd7 9. f3 Be7 10. Nge2 O-O 11. O-O Nb6 12. Nf4 Bc8 13. Bf2 Bd6 14. Qd2
Bxf4 15. exf4 Nc4 16. Qc2 Nh5 17. Ne2 Qf6 18. f5 Qd6 19. Qc1 Re8 20. g4 Nf6
21. b3 Nb6 22. Nf4 a5 23. a4 Nbd7 24. h4 Nh7 25. Kg2 Ndf8 26. Qd2 b6 27.
Bg3 Qd8 28. Rac1 Bb7 29. Nh3 f6 30. Nf4 Qd7 31. Nxd5 cxd5 32. Rc7 Qd8 33.
Rxb7 Re7 34. Rxe7 Qxe7 35. Re1 Qf7 36. Bb5 Rc8 37. Bd6 Rd8 38. Re7 Rxd6 39.
Rxf7 Kxf7 40. Qf4 Ke7 41. Qe3+ 1-0

[Event "Olimpiade 2024 - Donne"]
[Site "Budapest"]
[Date "22.09.2024"]
[Round "11.7"]
[White "Sandu, Mihaela"]
[Black "Buksa, Nataliya"]
[Result "1/2-1/2"]
[WhiteElo "2248"]
[BlackElo "2387"]
[ECO "B33"]
[Opening "Sicilian"]
[Variation "Pelikan, Chelyabinsk variation"]
[TimeControl "40/5400+30:1800+30"]
[EventDate "2024.09.11"]
[Board "2"]
[WhiteFideId "1204327"]
[BlackFideId "14123622"]
[WhiteTeam "Romania"]
[BlackTeam "Ukraine"]

1. e4 c5 2. Nf3 Nc6 3. d4 cxd4 4. Nxd4 Nf6 5. Nc3 e5 6. Ndb5 d6 7. Bg5 a6
8. Na3 b5 9. Nd5 Be7 10. Bxf6 Bxf6 11. c3 Ne7 12. Nxf6+ gxf6 13. g3 Bb7 14.
Bg2 f5 15. Qe2 Qc7 16. Nc2 h5 17. h4 Qc4 18. Qxc4 bxc4 19. Ne3 Rc8 20.
O-O-O Rh6 21. exf5 Bxg2 22. Nxg2 Nxf5 23. Rhe1 Re6 24. Rd5 Kd7 25. Ra5 Rc6
26. Rd1 Kc7 27. Nf4 Rh6 28. Nd5+ Kb7 29. Re1 Re6 30. Nb4 Rb6 31. a4 Ne7 32.
f4 Rxb4 33. cxb4 Nc6 34. fxe5 Nxb4 35. Rd1 dxe5 36. Rad5 Nxd5 37. Rxd5 f6
38. Rd7+ Kc6 39. Rh7 Kd5 40. Rxh5 Ke4 41. g4 Kf4 42. g5 fxg5 43. hxg5 e4
44. Rh6 Re5 45. Rxa6 e3 46. Kd1 Rxg5 47. Rf6+ Ke5 48. Rf8 Rg2 49. Re8+ Kd4
50. Rd8+ Kc5 51. Re8 Kb4 52. Rxe3 Rxb2 53. a5 Ra2 54. Kc1 Rxa5 55. Rh3 Rg5
56. Rf3 Rg4 57. Rh3 Kc5 58. Rf3 Kd4 59. Rh3 Rg2 60. Rf3 Kc5 61. Rh3 Kb4 62.
Rf3 Ka4 63. Rh3 Rg7 64. Kc2 Kb4 65. Rf3 Rg2+ 66. Kc1 c3 67. Rf8 1/2-1/2

[Event "Olimpiade 2024 - Donne"]
[Site "Budapest"]
[Date "22.09.2024"]
[Round "11.7"]
[White "Gaponenko, Inna"]
[Black "Lehaci, Miruna-Daria"]
[Result "1-0"]
[WhiteElo "2324"]
[BlackElo "2180"]
[ECO "B22"]
[Opening "Sicilian"]
[Variation "Alapin's variation (2.c3)"]
[TimeControl "40/5400+30:1800+30"]
[EventDate "2024.09.11"]
[Board "3"]
[WhiteFideId "14101181"]
[BlackFideId "1234765"]
[WhiteTeam "Ukraine"]
[BlackTeam "Romania"]

1. e4 c5 2. c3 d5 3. exd5 Qxd5 4. d4 Nc6 5. Nf3 Bf5 6. Be3 cxd4 7. Nxd4 Nf6
8. Qb3 Nxd4 9. Bxd4 a6 10. Nd2 e6 11. O-O-O Qxb3 12. Nxb3 Bd6 13. g3 Be4
14. Rg1 Ke7 15. Bg2 Bxg2 16. Rxg2 h5 17. f3 h4 18. Na5 hxg3 19. hxg3 Nh5
20. Bf2 Rab8 21. Kc2 Rhc8 22. f4 b6 23. Nb3 Nf6 24. Bd4 Nd5 25. Re2 g6 26.
Nd2 Nb4+ 27. Kb1 Nc6 28. Bf2 Bc5 29. Bxc5+ bxc5 30. Ne4 Na5 31. Red2 Nc4
32. Rd7+ Ke8 33. Nf6+ Kf8 34. Rh1 g5 35. Rh7 Nd6 36. Rxd6 Ke7 37. Ne4 gxf4
38. gxf4 Rg8 39. Rd2 Rg4 40. Nxc5 1-0

[Event "Olimpiade 2024 - Donne"]
[Site "Budapest"]
[Date "22.09.2024"]
[Round "11.7"]
[White "Ciolacu, Alessia-Mihaela"]
[Black "Doluhanova, Evgeniya"]
[Result "0-1"]
[WhiteElo "2160"]
[BlackElo "2304"]
[ECO "E17"]
[Opening "Queen's Indian"]
[Variation "old main line, 6.O-O"]
[TimeControl "40/5400+30:1800+30"]
[EventDate "2024.09.11"]
[Board "4"]
[WhiteFideId "1252640"]
[BlackFideId "14112035"]
[WhiteTeam "Romania"]
[BlackTeam "Ukraine"]

1. d4 Nf6 2. c4 e6 3. Nf3 b6 4. g3 Bb7 5. Bg2 Be7 6. O-O O-O 7. h4 d6 8.
Nc3 Nbd7 9. Re1 d5 10. cxd5 exd5 11. Bf4 c5 12. Rc1 h6 13. e3 a6 14. Ne5
Nxe5 15. dxe5 Ne4 16. h5 Nxc3 17. Rxc3 b5 18. Rc2 Qa5 19. a3 Rad8 20. Rd2
c4 21. Rf1 b4 22. axb4 Bxb4 23. Rc2 Bc6 24. Qg4 Bd7 25. Qh4 Be6 26. g4 Qc7
27. g5 Be7 28. Qg3 Bxg5 29. Bxg5 hxg5 30. Qxg5 Qd7 31. Ra1 Ra8 32. Rd2 Qd8
33. Qg3 f6 34. Rad1 Qe8 35. h6 Ra7 36. Rxd5 Bxd5 37. Bxd5+ Kh8 38. Rd4 gxh6
39. exf6 Rxf6 40. Rg4 Rf8 41. Qd6 Rh7 42. Be4 Qe7 43. Qg6 h5 44. Rg5 Qxg5+
45. Qxg5 Rg7 46. Bg6 Rxg6 47. Qxg6 Rg8 48. Qg3 h4 49. Qg2 a5 0-1

[Event "Olimpiade 2024 - Donne"]
[Site "Budapest"]
[Date "22.09.2024"]
[Round "11.8"]
[White "Brunello, Marina"]
[Black "Stefanova, Antoaneta"]
[Result "0-1"]
[WhiteElo "2348"]
[BlackElo "2416"]
[ECO "C55"]
[Opening "Two knights defence (Modern bishop's opening)"]
[TimeControl "40/5400+30:1800+30"]
[EventDate "2024.09.11"]
[Board "1"]
[WhiteFideId "822590"]
[BlackFideId "2902257"]
[WhiteTeam "Italy"]
[BlackTeam "Bulgaria"]

1. e4 e5 2. Nf3 Nc6 3. Bc4 Nf6 4. d3 h6 5. c3 d6 6. O-O g6 7. d4 Qe7 8. Re1
Bg7 9. Nbd2 O-O 10. h3 a5 11. Nf1 a4 12. Rb1 Bd7 13. Ng3 Na5 14. Bd3 c5 15.
b4 axb3 16. axb3 cxd4 17. b4 Nc6 18. b5 Nd8 19. cxd4 exd4 20. Nf5 gxf5 21.
exf5 Ne6 22. Nxd4 Nd5 23. fxe6 fxe6 24. Nf5 Rxf5 25. Bxf5 Nc3 26. Qb3 Qf7
27. Bb2 Nxb1 28. Bxb1 Rf8 29. Qc2 Bxb2 30. Qxb2 Qf6 31. Qc2 Rf7 32. Re3 Qd4
33. Kh2 Kf8 34. Qc7 Ke7 35. Qxb7 Rxf2 36. Rg3 Rf1 0-1

[Event "Olimpiade 2024 - Donne"]
[Site "Budapest"]
[Date "22.09.2024"]
[Round "11.8"]
[White "Salimova, Nurgyul"]
[Black "Zimina, Olga"]
[Result "1-0"]
[WhiteElo "2412"]
[BlackElo "2302"]
[ECO "A45"]
[Opening "Queen's pawn game"]
[TimeControl "40/5400+30:1800+30"]
[EventDate "2024.09.11"]
[Board "2"]
[WhiteFideId "2915138"]
[BlackFideId "4132190"]
[WhiteTeam "Bulgaria"]
[BlackTeam "Italy"]

1. d4 Nf6 2. Nc3 c5 3. d5 e6 4. e4 d6 5. Nf3 exd5 6. exd5 Be7 7. h3 O-O 8.
Bd3 Na6 9. Bxa6 bxa6 10. O-O Rb8 11. b3 Bf5 12. Re1 Re8 13. Bb2 h6 14. Nd2
Qd7 15. Nc4 Bf8 16. Ne2 Qe7 17. Ng3 Qxe1+ 18. Qxe1 Rxe1+ 19. Rxe1 Bxc2 20.
Bxf6 gxf6 21. Nh5 f5 22. Nf4 h5 23. Nxh5 Rd8 24. Ne3 Bd3 25. Nf4 Bb5 26.
Nxf5 Bd7 27. Ne3 Kg7 28. Nc4 Bb5 29. Re4 Kf6 30. g4 Re8 31. Nh5+ Kg6 32.
Rxe8 Bxe8 33. Ng3 f6 34. h4 Bf7 35. Ne3 Bh6 36. Ngf5 Bf4 37. Kg2 Be5 38.
Kf3 Bh2 39. Ke4 Bg1 40. h5+ Kh7 41. Nxd6 Bg8 42. Ne8 Bxf2 43. Nxf6+ 1-0

[Event "Olimpiade 2024 - Donne"]
[Site "Budapest"]
[Date "22.09.2024"]
[Round "11.8"]
[White "Gueci, Tea"]
[Black "Radeva, Viktoria"]
[Result "1/2-1/2"]
[WhiteElo "2199"]
[BlackElo "2296"]
[ECO "B30"]
[Opening "Sicilian"]
[Variation "Nimzovich-Rossolimo attack (without ...d6)"]
[TimeControl "40/5400+30:1800+30"]
[EventDate "2024.09.11"]
[Board "3"]
[WhiteFideId "872342"]
[BlackFideId "2915405"]
[WhiteTeam "Italy"]
[BlackTeam "Bulgaria"]

1. e4 c5 2. Nf3 Nc6 3. Bb5 e5 4. O-O Bd6 5. d4 Nxd4 6. Bc4 h6 7. Nxd4 cxd4
8. c3 Bc5 9. Qb3 Qf6 10. f4 Ne7 11. Kh1 O-O 12. fxe5 Qxe5 13. Bxf7+ Kh8 14.
cxd4 Qxd4 15. Nc3 d5 16. Nxd5 Qxe4 17. Nc3 Qc6 18. Bd2 Bh3 19. Bd5 Nxd5 20.
Qxd5 Qxd5 21. Nxd5 Bg4 22. Be3 Bxe3 23. Nxe3 Be2 24. Rxf8+ Rxf8 25. Kg1 Rd8
26. Rc1 Bb5 27. Rc2 Kh7 28. Kf2 Kg6 29. g3 h5 30. Ng2 Kf6 31. Nf4 g6 32.
Ke3 Bc6 33. Rc3 Re8+ 1/2-1/2

[Event "Olimpiade 2024 - Donne"]
[Site "Budapest"]
[Date "22.09.2024"]
[Round "11.8"]
[White "Krasteva, Beloslava"]
[Black "Sala, Giulia"]
[Result "1-0"]
[WhiteElo "2295"]
[BlackElo "2115"]
[ECO "D31"]
[Opening "QGD"]
[Variation "3.Nc3"]
[TimeControl "40/5400+30:1800+30"]
[EventDate "2024.09.11"]
[Board "4"]
[WhiteFideId "2922029"]
[BlackFideId "2840451"]
[WhiteTeam "Bulgaria"]
[BlackTeam "Italy"]

1. d4 d5 2. c4 e6 3. Nc3 h6 4. cxd5 exd5 5. Bf4 c6 6. Qc2 Ne7 7. e3 Bf5 8.
Bd3 Bxd3 9. Qxd3 Ng6 10. Bg3 Bd6 11. Nge2 Bxg3 12. Nxg3 O-O 13. O-O Nd7 14.
b4 a6 15. a4 b5 16. a5 Nf6 17. Rfc1 Ne7 18. Nf1 Nc8 19. Na2 Nd6 20. Rxc6
Nc4 21. Nc3 Qd7 22. Rc5 Rad8 23. Nd2 Qb7 24. Qc2 Nd6 25. Qa2 Nf5 26. Rc1
Rfe8 27. Ne2 Re6 28. Rc7 Qb8 29. Nf4 Red6 30. Qc2 g6 31. Nf3 Ne8 32. Rc8
Qa7 33. Ne5 Ne7 34. Rxd8 Rxd8 35. Nc6 Nxc6 36. Qxc6 Nd6 37. Qxd5 Qe7 38.
Nxg6 Qf6 39. Ne5 Nc4 40. Qf3 1-0

[Event "Olimpiade 2024 - Donne"]
[Site "Budapest"]
[Date "22.09.2024"]
[Round "11.9"]
[White "Atalik, Ekaterina"]
[Black "Khamdamova, Afruza"]
[Result "1-0"]
[WhiteElo "2381"]
[BlackElo "2313"]
[ECO "D35"]
[Opening "QGD"]
[Variation "exchange, positional line, 5...c6"]
[TimeControl "40/5400+30:1800"]
[EventDate "2024.09.11"]
[Board "1"]
[WhiteFideId "4130189"]
[BlackFideId "14210444"]
[WhiteTeam "Turkiye"]
[BlackTeam "Uzbekistan"]

1. d4 d5 2. c4 e6 3. Nc3 Nf6 4. cxd5 exd5 5. Bg5 c6 6. e3 h6 7. Bh4 Be7 8.
Bd3 O-O 9. Nge2 Re8 10. O-O a5 11. h3 Nbd7 12. f3 b5 13. Rc1 Ba6 14. Bf2
Bf8 15. Nf4 Nb6 16. Re1 Bd6 17. Bb1 Nc4 18. Nd3 b4 19. Na4 Bb5 20. Nac5 Qc7
21. Qc2 Bg3 22. e4 Bxf2+ 23. Nxf2 dxe4 24. fxe4 g6 25. e5 Nd5 26. Nfe4 Re7
27. Qf2 Rae8 28. Bd3 Nxe5 29. Bxb5 cxb5 30. dxe5 Qxe5 31. Nd3 Qg7 32. Rc5
Rxe4 33. Rxe4 Rxe4 34. Rxd5 a4 35. Rxb5 a3 36. bxa3 bxa3 37. Rb8+ Kh7 38.
Rb7 Kg8 39. Ra7 Re6 40. Rxa3 Qa1+ 41. Kh2 Re8 42. Ra7 Rf8 43. Rd7 Qc3 44.
Qd4 Qa3 45. Ne5 1-0

[Event "Olimpiade 2024 - Donne"]
[Site "Budapest"]
[Date "22.09.2024"]
[Round "11.9"]
[White "Yakubbaeva, Nilufar"]
[Black "Yildiz Kadioglu, Betul Cemre"]
[Result "1-0"]
[WhiteElo "2248"]
[BlackElo "2314"]
[ECO "D30"]
[Opening "Queen's gambit declined"]
[TimeControl "40/5400+30:1800"]
[EventDate "2024.09.11"]
[Board "2"]
[WhiteFideId "14204487"]
[BlackFideId "6302920"]
[WhiteTeam "Uzbekistan"]
[BlackTeam "Turkiye"]

1. d4 d5 2. c4 e6 3. Nf3 a6 4. Bg5 Be7 5. Bxe7 Qxe7 6. Nbd2 Nf6 7. g3 O-O
8. Bg2 dxc4 9. Nxc4 Qb4+ 10. Nfd2 Rd8 11. Qb3 a5 12. e3 Nd5 13. O-O Bd7 14.
Qxb4 axb4 15. Rfc1 Bb5 16. Ne5 c6 17. Bf1 Bxf1 18. Kxf1 Na6 19. Ndc4 Nac7
20. a3 bxa3 21. bxa3 Ra7 22. a4 Rda8 23. a5 Nb5 24. Rab1 Rd8 25. Nd3 Ndc3
26. Rb2 Ne4 27. Nb4 Nc7 28. Ne5 Raa8 29. a6 Nxa6 30. Nxa6 bxa6 31. Nxc6 Rd6
32. Rb7 Nf6 33. Ne5 Rf8 34. Rcc7 Nd5 35. Rxf7 Rxf7 36. Nxf7 Rc6 37. Ne5
Rc1+ 38. Ke2 h6 39. h4 h5 40. Kf3 Rc2 41. Ra7 Ra2 42. Nf7 a5 43. Ng5 g6 44.
Nxe6 a4 45. e4 Nc3 46. d5 Rd2 47. Ke3 Rd1 48. Nd4 Ra1 49. d6 Nd1+ 50. Kf4
1-0

[Event "Olimpiade 2024 - Donne"]
[Site "Budapest"]
[Date "22.09.2024"]
[Round "11.9"]
[White "Aydin, Gulenay"]
[Black "Omonova, Umida"]
[Result "1/2-1/2"]
[WhiteElo "2202"]
[BlackElo "2032"]
[ECO "C47"]
[Opening "Four knights"]
[Variation "Scotch, 4...exd4"]
[TimeControl "40/5400+30:1800"]
[EventDate "2024.09.11"]
[Board "3"]
[WhiteFideId "34557431"]
[BlackFideId "14210363"]
[WhiteTeam "Turkiye"]
[BlackTeam "Uzbekistan"]

1. e4 e5 2. Nf3 Nc6 3. Nc3 Nf6 4. d4 exd4 5. Nxd4 Bb4 6. Nxc6 bxc6 7. Bd3
O-O 8. O-O Re8 9. Bg5 h6 10. Bh4 d5 11. exd5 g5 12. Bg3 cxd5 13. a3 Bg4 14.
Qd2 Ba5 15. b4 Bb6 16. h3 Bh5 17. Rae1 Ne4 18. Bxe4 dxe4 19. Qxd8 Raxd8 20.
Nxe4 Kg7 21. Nc3 f5 22. Be5+ Kf7 23. Na4 Rd2 24. Nxb6 cxb6 25. f4 g4 26.
hxg4 Bxg4 27. Rf2 Red8 28. c3 Rd1 29. Rxd1 Rxd1+ 30. Rf1 Rxf1+ 1/2-1/2

[Event "Olimpiade 2024 - Donne"]
[Site "Budapest"]
[Date "22.09.2024"]
[Round "11.9"]
[White "Nadirjanova, Nodira"]
[Black "Isgenderova, Hayale"]
[Result "1-0"]
[WhiteElo "2059"]
[BlackElo "2124"]
[ECO "E48"]
[Opening "Nimzo-Indian"]
[Variation "4.e3 O-O, 5.Bd3 d5"]
[TimeControl "40/5400+30:1800"]
[EventDate "2024.09.11"]
[Board "4"]
[WhiteFideId "14201232"]
[BlackFideId "13401823"]
[WhiteTeam "Uzbekistan"]
[BlackTeam "Turkiye"]

1. d4 e6 2. c4 Nf6 3. Nc3 Bb4 4. e3 O-O 5. Bd3 d5 6. cxd5 exd5 7. a3 Bd6 8.
Nge2 Re8 9. Qc2 c6 10. b4 Be6 11. b5 a6 12. bxc6 Nxc6 13. f3 Rc8 14. O-O
Qc7 15. h3 b5 16. Qb1 Rb8 17. Nd1 Qd7 18. Nf2 b4 19. a4 b3 20. Bxa6 Bf5 21.
Bd3 Bxd3 22. Nxd3 Na5 23. Nc3 Nc4 24. Nb5 Nxe3 25. Bxe3 Rxe3 26. Qxb3 Qf5
27. Nxd6 Rxb3 28. Nxf5 Rexd3 29. a5 Rb8 30. Rfb1 Ra8 31. a6 Nd7 32. Rb7 Nb8
33. Ne7+ Kf8 34. a7 1-0

[Event "Olimpiade 2024 - Donne"]
[Site "Budapest"]
[Date "22.09.2024"]
[Round "11.10"]
[White "Injac, Teodora"]
[Black "Francisco Guecamburu, Candela Be"]
[Result "1/2-1/2"]
[WhiteElo "2425"]
[BlackElo "2294"]
[ECO "A13"]
[Opening "English"]
[Variation "Neo-Catalan"]
[TimeControl "40/5400+30:1800"]
[EventDate "2024.09.11"]
[Board "1"]
[WhiteFideId "932400"]
[BlackFideId "160911"]
[WhiteTeam "Serbia"]
[BlackTeam "Argentina"]

1. Nf3 Nf6 2. c4 e6 3. g3 d5 4. Bg2 d4 5. d3 Nc6 6. O-O Bc5 7. Nbd2 a5 8.
Nb3 Be7 9. e3 dxe3 10. Bxe3 Ng4 11. Bc5 O-O 12. d4 a4 13. Bxe7 Qxe7 14. Nc5
e5 15. Re1 Rd8 16. b4 axb3 17. Nxb3 Qb4 18. h3 Nf6 19. d5 b5 20. a3 Rxa3
21. Rxa3 Qxa3 22. cxb5 Na5 23. Nxa5 Qxa5 24. Nxe5 Re8 25. Qc1 Bb7 26. Re3
Qxb5 27. Qxc7 Bxd5 28. Bxd5 Qxd5 29. Ng4 Qd1+ 30. Kg2 Qd5+ 1/2-1/2

[Event "Olimpiade 2024 - Donne"]
[Site "Budapest"]
[Date "22.09.2024"]
[Round "11.10"]
[White "Campos, Maria Jose"]
[Black "Gajcin, Marina"]
[Result "1-0"]
[WhiteElo "2252"]
[BlackElo "2253"]
[ECO "A15"]
[Opening "English opening"]
[TimeControl "40/5400+30:1800"]
[EventDate "2024.09.11"]
[Board "2"]
[WhiteFideId "146803"]
[BlackFideId "949086"]
[WhiteTeam "Argentina"]
[BlackTeam "Serbia"]

1. Nf3 Nf6 2. c4 c5 3. g3 d5 4. cxd5 Nxd5 5. Bg2 Nc6 6. Nc3 Nc7 7. O-O e5
8. b3 Be7 9. Bb2 O-O 10. Rc1 f6 11. Ne1 Bd7 12. Nd3 Rb8 13. f4 exf4 14.
Nxf4 Ne5 15. Ne4 b6 16. d4 cxd4 17. Qxd4 Bg4 18. Qa4 Ne6 19. Rfd1 Qe8 20.
Qxa7 Nxf4 21. gxf4 Ng6 22. Rc7 Qb5 23. Nc3 Qh5 24. Nd5 Bxe2 25. Re1 Bc5+
26. Kh1 Bf3 27. Rxg7+ Kh8 28. Rxg6 Qxg6 29. Bxf3 Rbe8 30. Rd1 Re6 31. b4
Bf2 32. Nxf6 Rexf6 33. Qe7 Qg7 34. Qe2 Bh4 35. Rg1 Qd7 36. Rg4 Re8 37. Be5
Rxe5 38. Qxe5 Qc8 39. Rxh4 Qc1+ 40. Kg2 Qc2+ 41. Kf1 Qb1+ 42. Kf2 Qxa2+ 43.
Be2 Qf7 44. Bd3 Kg8 45. Bxh7+ Kf8 46. Bc2 b5 47. Rh8+ Kg7 48. Rh7+ Kg8 49.
Rxf7 Kxf7 50. Bb3+ Kg6 51. Qg5+ Kh7 52. Bc2+ Kh8 53. Qxf6+ Kg8 54. Bb3+ Kh7
55. Qe7+ 1-0

[Event "Olimpiade 2024 - Donne"]
[Site "Budapest"]
[Date "22.09.2024"]
[Round "11.10"]
[White "Velikic, Adela"]
[Black "Borda Rodas, Anapaola S."]
[Result "1-0"]
[WhiteElo "2260"]
[BlackElo "2216"]
[ECO "E60"]
[Opening "King's Indian defence"]
[TimeControl "40/5400+30:1800"]
[EventDate "2024.09.11"]
[Board "3"]
[WhiteFideId "913553"]
[BlackFideId "152781"]
[WhiteTeam "Serbia"]
[BlackTeam "Argentina"]

1. d4 Nf6 2. c4 g6 3. f3 c5 4. d5 Bg7 5. e4 d6 6. Nc3 O-O 7. Nge2 Nbd7 8.
Ng3 a6 9. a4 b6 10. Be2 Qc7 11. O-O e5 12. Bg5 h6 13. Be3 Re8 14. Qd2 Kh7
15. h4 h5 16. Nh1 Ng8 17. g4 Ndf6 18. Qd1 Ne7 19. Ng3 Qd7 20. g5 Qh3 21.
Qe1 Nd7 22. Bd3 f6 23. Rd1 fxg5 24. hxg5 Nf8 25. Rd2 Kg8 26. Rh2 Qd7 27.
Qd1 Ra7 28. Kh1 Qd8 29. Nce2 Nd7 30. f4 exf4 31. Nxf4 Ne5 32. Be2 Ng4 33.
Bxg4 Bxg4 34. Qd3 Rf8 35. Rhf2 Qe8 36. Bd2 Qxa4 37. Bc3 Qb3 38. Ne6 Rxf2
39. Rxf2 Bxe6 40. dxe6 Nc8 41. Qd5 Re7 42. Qc6 Qd1+ 43. Rf1 Qg4 44. Qxc8+
Kh7 45. Kg2 h4 46. Rf3 Bxc3 47. bxc3 Qxe6 48. Qf8 Rg7 49. Rf4 1-0